 Dungeon Crawl Stone Soup version 0.28-a0-472-g50180c0d78 (webtiles) character file.

Game seed: 5009022943592512115

39 asdasd the Cudgeller (level 3, -2/36 HPs)
             Began as a Troll Berserker on Sept 15, 2021.
             Was a Follower of Trog.
             Slain by a black bear (4 damage)
             ... on level 1 of the Dungeon.
             The game lasted 00:06:39 (1099 turns).

asdasd the Cudgeller (Troll Berserker)              Turns: 1099, Time: 00:06:39

Health: -2/36      AC:  4    Str: 26    XL:     3   Next: 28%
Magic:  2/2        EV: 10    Int:  3    God:    Trog [*.....]
Gold:   45         SH:  0    Dex:  9    Spells: 2/2 levels left

rFire   . . .      SeeInvis .   a - +0 mace
rCold   . . .      Faith    .   (no shield)
rNeg    . . .      Spirit   .   b - +0 animal skin
rPois   .          Reflect  .   (helmet restricted)
rElec   .          Harm     .   (no cloak)
rCorr   .          Rampage  .   (gloves unavailable)
Will    .....                   (boots unavailable)
Stlth   +.........              (no amulet)
HPRegen 1.12/turn               (no ring)
MPRegen 0.08/turn               (no ring)

@: lethally poisoned (-2 -> -2), on berserk cooldown, slowed, very slow
A: large, unfitting armour, claws 3, regeneration 1, shaggy fur 1, tough skin 1
a: Renounce Religion, Berserk


You were on level 1 of the Dungeon.
You worshipped Trog.
Trog was aware of your devotion.
You visited 1 branch of the dungeon, and saw 2 of its levels.

You collected 45 gold pieces.

Inventory:

Hand Weapons
 a - a +0 mace (weapon)
Armour
 b - a +0 animal skin (worn)
Scrolls
 c - a scroll of enchant armour {unknown}
 d - a scroll of teleportation {unknown}
 f - a scroll of identify {unknown}
Potions
 e - a potion of ambrosia {unknown}


   Skills:
 + Level 2.7 Fighting
 + Level 3.2 Maces & Flails
 + Level 2.9 Dodging


You had 2 spell levels left.
You didn't know any spells.
Your spell library was empty.

Dungeon Overview and Level Annotations

Branches:
Dungeon (2/15)

Altars:


Innate Abilities, Weirdness & Mutations

You are too large for most types of armour.
You have claws for hands.
Your natural rate of healing is unusually fast.
You are covered in fur. (AC +1)
You have tough skin. (AC +1)


Message History

The jackal bites you but does no damage.
The jackal bites you.
You barely miss the jackal.
You feel very sick. The jackal bites you.
The jackal bites you but does no damage. x2
The jackal closely misses you.
You barely miss the jackal.
You feel sick.
The jackal bites you but does no damage.
The jackal barely misses you.
You hit the jackal.
You kill the jackal!
Trog accepts your kill.
You feel sick.
The jackal bites you but does no damage.
You feel sick. The jackal closely misses you.
You climb upwards.
You feel a strong urge to attack something.
You are no longer berserk.
You are exhausted.
You feel yourself slow down.
You feel sick.
There is a stone staircase leading down here.
You hit the jackal but do no damage.
You feel sick. The jackal barely misses you. The black bear bites you.
The black bear claws you but does no damage. x2
The jackal bites you.
* * * LOW HITPOINT WARNING * * *
The black bear bites you but does no damage.
The black bear claws you.
* * * LOW HITPOINT WARNING * * *
The black bear closely misses you.
You feel sick. The black bear bites you.
* * * LOW HITPOINT WARNING * * *
The black bear claws you.
* * * LOW HITPOINT WARNING * * *
The black bear claws you but does no damage.
The jackal closely misses you.
The black bear bites you but does no damage.
The black bear claws you.
You die...

#.......# #####
#########.#####.#
###...###...............#
....#.#...........#####.#
###...#.#.######### #.#
##.##.#.# ##### #.#########
#......# ###...####.##......#
####.######..........##.####.#
#.........h@....##.##.# #.#
###.#.###.##h####.##.##.# #.#
#.)...# #....# #.##.##.# #.#
#.#.#.###.#### #....##.####†#
####.........# #............#
.........#.### ##.#.#######.#
.#####.....# #.#.# #.# .#
#....##### #.#.# #)# .#
#........# #.#.# #..


You could see a black bear and a jackal.

Vanquished Creatures
  2 adders (D:2)
  2 ball pythons (D:1)
  2 bats (D:1)
  3 endoplasms (D:1)
  3 goblins (D:1)
  A hobgoblin (D:1)
  2 jackals (D:2)
  A quokka (D:1)
  3 kobolds (D:1)
19 creatures vanquished.

Vanquished Creatures (others)
  5 plants (D:1)
5 creatures vanquished.

Grand Total: 24 creatures vanquished

Notes
Turn   | Place    | Note
-------+----------+-------------------------------------------
     0 | D:1      | asdasd the Troll Berserker began the quest for the Orb.
     0 | D:1      | Reached XP level 1. HP: 22/22 MP: 0/0
   214 | D:1      | Reached skill level 3 in Maces & Flails
   214 | D:1      | Reached XP level 2. HP: 29/29 MP: 1/1
  1089 | D:2      | Noticed a black bear
  1091 | D:2      | Reached XP level 3. HP: 32/36 MP: 2/2
  1099 | D:1      | Slain by a black bear

Illustrated notes

Levels and vault maps discovered:
D:1:      lightli_arrival_windingriver, layout_loops_ring
D:2:      layout_basic, uniq_robin

Skill      XL: |  1 |
---------------+----+-----
Maces & Flails | 3 |  3.2
Fighting       | |  2.7
Dodging        | |  2.9

Action                   || total
-------------------------++-------
Melee: Mace              ||    66
Invok: Berserk           ||     1
 Stab: Sleeping          ||     1
Armor: Animal skin       ||   118
Dodge: Dodged            ||   188

Table legend: (Time is in decaauts)
 A = Elapsed time spent in this place.
 B = Non-inter-level travel time spent in this place.
 C = Inter-level travel time spent in this place.
 D = Time resting spent in this place.
 E = Time spent auto-exploring this place.
 F = Levels seen in this place.
 G = Mean time per level.
                   A        B        C        D        E       F      G
               +--------+--------+--------+--------+--------+-----+--------+
         Total |   1122 |   1105 |     17 |      0 |    362 |   2 |  561.0 |
       Dungeon |   1122 |   1105 |     17 |      0 |    362 |   2 |  561.0 |
               +--------+--------+--------+--------+--------+-----+--------+

Top non-repeatable levels by time:
     D:1: 1110 daAuts
     D:2: 11 daAuts
